 Dungeon Sprint DCSS version 0.29.1-15-g9cfb28693d (webtiles) character file.

Game seed: 18345510141534848622

3332 Groucho the Imperceptible (level 9, -1/52 HPs)
             Began as a Felid Berserker on Mar 11, 2023.
             Was the Champion of Trog.
             Engulfed by a cloud of freezing vapour (24 damage)
             ... in the Dungeon (Sprint III: "The Ten Rune Challenge").
             The game lasted 00:13:04 (2537 turns).

Groucho the Imperceptible (Felid Berserker)         Turns: 2537, Time: 00:13:05

Health: -1/52      AC:  4    Str: 15    XL:     9   Next: 71%
Magic:  10/10      EV: 33    Int:  9    God:    Trog [******]
Gold:   29         SH:  0    Dex: 20    Spells: 8/8 levels left
                                        Lives:  0   Deaths: 3

rFire   . . .      SeeInvis +     - Unarmed
rCold   . . .      Faith    .   (shield unavailable)
rNeg    . . .      Spirit   .   (body armour unavailable)
rPois   .          Reflect  .   (helmet unavailable)
rElec   .          Harm     .   (cloak unavailable)
rCorr   .          Rampage  .   (gloves unavailable)
Will    +....      NoTele   +   (boots unavailable)
Stlth   +++++.....              (no amulet)
HPRegen 0.17/turn               (no ring)
MPRegen 0.12/turn               (no ring)

@: very slow
A: very small, claws 1, fangs 3, see invisible, speed 1, shaggy fur 2, stealthy
paws, no weapons or thrown items, no armour, multi-lived, antennae 1, iridescent
scales 1, thin skeletal structure 1, high MP 1
a: Renounce Religion, Berserk, Trog's Hand, Brothers in Arms


You were in the Dungeon.
You worshipped Trog.
Trog was exalted by your worship.
You visited 1 branch You collected 29 gold pieces.

Inventory:

Wands
 b - a wand of quicksilver (7)
Scrolls
 f - a scroll of blinking
 g - a scroll of immolation {unknown}
 h - 4 scrolls of identify
 j - a scroll of poison {unknown}
Potions
 a - a potion of curing
 c - a potion of haste
 d - 2 potions of magic
 e - a potion of berserk rage
 i - 4 potions of mutation
 k - a potion of flight {unknown}
 l - a potion of might


   Skills:
 + Level 14.0 Fighting
 + Level 17.8 Dodging
 - Level 23.7 Stealth
 + Level 14.0 Unarmed Combat


You had 8 spell levels left.
You didn't know any spells.
Your spell library was empty.

Dungeon Overview and Level Annotations

Branches:
Dungeon (1/1)

Altars:
Cheibriados
Dithmenos
Elyvilon
Fedhas
Gozag
Hepliaklqana
Kikubaaqudgha
Makhleb
Nemelex Xobeh
Okawaru
Qazlal
Ru
Sif Muna
Trog
Uskayaw
Vehumet
Wu Jian
Xom
Yredelemnul
Zin
The Shining One
Jiyva
Lugonu

Shops:
D =!(


Innate Abilities, Weirdness & Mutations

You have sharp claws.
You have razor-sharp teeth.
You have supernaturally acute eyesight. (SInv)
You cover ground quickly. (Speed+)
You are covered in thick fur. (AC +2)
Your paws help you pounce on unaware monsters.
You are incapable of wielding weapons or throwing items.
You cannot wear armour.
You gain extra lives every three experience levels.
You have a pair of small antennae on your head.
You are partially covered in iridescent scales. (AC +2)
You have a somewhat thin skeletal structure. (Dex +2, Stealth+)
You have an increased reservoir of magic. (+10% MP)


Message History

The ice dragon closely misses you. The ice dragon misses you.
The ice dragon closely misses you.
You're still recovering from your berserk rage.
Your deep troll goes berserk!
The ice dragon breathes frost at you. The blast of cold hits you!!!
Ouch! That really hurt!
You die...
The ice dragon completely misses you. The ice dragon claws you!
The ice dragon completely misses you.
You are now level 9!
You rejoin the land of the living...
Unknown command.
You see here an ice dragon corpse.
Your deep troll barely misses the ice dragon. x3
You claw the ice dragon!
The ice dragon is heavily wounded.
You barely miss the ice dragon.
The ice dragon is heavily wounded.
Your deep troll bites the ice dragon!!
Your deep troll claws the ice dragon but does no damage.
Your deep troll claws the ice dragon!!
The ice dragon closely misses you. The ice dragon misses you.
The ice dragon completely misses you.
You mangle the ice dragon!!
You kill the ice dragon!
Trog accepts your kill.
Your Fighting skill increases to level 14!
Your Unarmed Combat skill increases to level 14!
You swap places.
You see here the felid corpse of Groucho.
Really walk into a travel-excluded area?
Found three shops.
Really walk into a travel-excluded area?
You are engulfed in freezing vapours.
You enter the shallow water.
Moving in this stuff is going to be slow.
You are engulfed in freezing vapours.
Your deep troll is engulfed in freezing vapours.
You are engulfed in freezing vapours.
You die...

♣.♣♣ ♣.♣♣
♣†.♣ ♣♣.♣♣ ♣
♣♣.♣ ~♣
♣♣~.♣♣♣♣♣♣.♣
♣..~.~°○○°.♣
♣...°T°°°○.♣
♣.♣..°°@°.~♣
♣♣♣♣♣♣♣♣∩°∩♣
♣♣♣♣


You could see a friendly deep troll (summoned, berserk).

Vanquished Creatures
  Frances (D)
  Donald (D)
  Snorg (D)
  2 ice dragons (D)
  2 hydras (D)
  Urug (D)
  A death drake (D)
  A spriggan druid (D)
  A lindwurm (D)
  A deep elf pyromancer (D)
  2 cane toads (D)
  An unseen horror (D)
  A komodo dragon (D)
  3 wandering mushrooms (D)
  2 tyrant leeches (D)
  A shadow (D)
  2 spriggans (D)
  3 redbacks (D)
  A spatial vortex (D)
  A centaur (D)
  An earth elemental (D)
  A necrophage (D)
  A water elemental (D)
  A scorpion (D)
  An electric eel (D)
  A jelly (D)
  Jessica (D)
  A wizard (D)
  A necromancer (D)
  3 humans (D)
  A kobold demonologist (D)
  2 swamp drake simulacra (D)
  An endoplasm (D)
  2 rats (D)
47 creatures vanquished.

Vanquished Creatures (collateral kills)
  A centaur warrior (D)
  A centaur (D)
2 creatures vanquished.

Vanquished Creatures (others)
  4 plants (D)
4 creatures vanquished.

Grand Total: 53 creatures vanquished

Notes
Turn   | Place    | Note
-------+----------+-------------------------------------------
     0 | D        | Groucho the Felid Berserker began the quest for the Orb.
     0 | D        | Reached XP level 1. HP: 10/10 MP: 2/2
    13 | D        | Reached skill level 2 in Stealth
   131 | D        | Reached skill level 3 in Stealth
   143 | D        | Noticed Jessica
   144 | D        | Reached ** piety under Trog
   149 | D        | Killed Jessica
   150 | D        | Reached skill level 8 in Stealth
   150 | D        | Reached XP level 2. HP: 14/14 MP: 3/3
   150 | D        | Reached XP level 3. HP: 17/17 MP: 4/4
   176 | D        | Noticed a scorpion
   179 | D        | Killed a scorpion
   180 | D        | Reached skill level 11 in Stealth
   180 | D        | Reached XP level 4. HP: 21/21 MP: 5/5
   188 | D        | Reached skill level 12 in Stealth
   243 | D        | Gained mutation: Your magical capacity is low. (-10% MP)
                  | [potion of mutation]
   244 | D        | Lost mutation: Your magical capacity is low. (-10% MP)
                  | [potion of mutation]
   244 | D        | Gained mutation: You have a somewhat thin skeletal
                  | structure. (Dex +2, Stealth+) [potion of mutation]
   244 | D        | Gained mutation: You have hidden genetic potential. [potion
                  | of mutation]
   244 | D        | Gained mutation: You are partially covered in iridescent
                  | scales. (AC +2) [potion of mutation]
   250 | D        | Noticed a water elemental
   254 | D        | HP: 1/21 [water elemental (20)]
   282 | D        | Killed a water elemental
   282 | D        | Reached *** piety under Trog
   283 | D        | Reached skill level 5 in Dodging
   283 | D        | Reached skill level 13 in Stealth
   283 | D        | Reached XP level 5. HP: 15/25 MP: 6/6
   653 | D        | Found a radiant altar of Vehumet.
   654 | D        | Found a shimmering blue altar of Sif Muna.
   654 | D        | Found an ancient bone altar of Kikubaaqudgha.
   658 | D        | Reached skill level 14 in Stealth
   672 | D        | Found a glowing silver altar of Zin.
   673 | D        | Found a glowing golden altar of the Shining One.
   673 | D        | Found a white marble altar of Elyvilon.
   673 | D        | Noticed a deep elf pyromancer
   673 | D        | Gained mutation: You have an increased reservoir of magic.
                  | (+10% MP) [hidden potential]
   675 | D        | Killed a deep elf pyromancer
   675 | D        | Reached **** piety under Trog
   676 | D        | Reached skill level 16 in Stealth
   676 | D        | Gained mutation: You are covered in thick fur. (AC +2)
                  | [Felid growth]
   676 | D        | Reached XP level 6. HP: 31/31 MP: 7/7
   676 | D        | Reached XP level 7. HP: 35/35 MP: 8/8
   683 | D        | Found a hide-covered altar of Uskayaw.
   683 | D        | Found an iron altar of Okawaru.
   684 | D        | Found a bloodstained altar of Trog.
   684 | D        | Found an ornate altar of the Wu Jian Council.
   684 | D        | Noticed a human
   684 | D        | Noticed a human
   686 | D        | Killed a human
   687 | D        | Reached skill level 17 in Stealth
   687 | D        | Killed a human
   687 | D        | Gained mutation: You have a pair of small antennae on your
                  | head. [hidden potential]
   687 | D        | Lost mutation: You have hidden genetic potential. [hidden
                  | potential expressed]
   702 | D        | Found a shadowy altar of Dithmenos.
   703 | D        | Found a basalt altar of Yredelemnul.
   703 | D        | Found a sacrificial altar of Ru.
   704 | D        | Reached ***** piety under Trog
   706 | D        | Reached XP level 8. HP: 40/40 MP: 9/9
   719 | D        | Reached skill level 10 in Dodging
   719 | D        | Reached skill level 18 in Stealth
   725 | D        | Found a blossoming altar of Fedhas.
   725 | D        | Found a stormy altar of Qazlal.
   726 | D        | Found a snail-covered altar of Cheibriados.
   726 | D        | Found a burning altar of Makhleb.
   726 | D        | Found a hazy altar of Hepliaklqana.
   726 | D        | Found a shimmering altar of Xom.
   726 | D        | Found an opulent altar of Gozag.
   726 | D        | Found a sparkling altar of Nemelex Xobeh.
   726 | D        | Found a corrupted altar of Lugonu.
   726 | D        | Found a viscous altar of Jiyva.
   986 | D        | Noticed Snorg
   989 | D        | Killed Snorg
   990 | D        | Reached skill level 19 in Stealth
   990 | D        | Reached XP level 9. HP: 45/45 MP: 10/10
  1006 | D        | Noticed a centaur warrior
  1009 | D        | Reached skill level 20 in Stealth
  1019 | D        | Killed a centaur warrior
  1020 | D        | Reached skill level 21 in Stealth
  1196 | D        | Noticed an unseen horror
  1198 | D        | Killed an unseen horror
  1207 | D        | Noticed a wandering mushroom
  1211 | D        | Noticed a wandering mushroom
  1213 | D        | Noticed a wandering mushroom
  1214 | D        | Killed a wandering mushroom
  1215 | D        | Reached skill level 10 in Fighting
  1215 | D        | Reached skill level 10 in Unarmed Combat
  1411 | D        | Noticed a cane toad
  1411 | D        | Noticed a komodo dragon
  1411 | D        | Noticed a cane toad
  1424 | D        | Killed a cane toad
  1424 | D        | Reached ****** piety under Trog
  1425 | D        | Reached skill level 22 in Stealth
  1434 | D        | Killed a cane toad
  1435 | D        | Reached XP level 10. HP: 34/51 MP: 12/12
  1440 | D        | Slain by a komodo dragon
  1441 | D        | Reached XP level 9. HP: -3/47 MP: 10/10
  1490 | D        | Killed a komodo dragon
  1763 | D        | Noticed Donald
  1763 | D        | Noticed Frances
  1767 | D        | Killed Donald
  1768 | D        | Reached skill level 23 in Stealth
  1768 | D        | Killed Frances
  1769 | D        | Reached XP level 10. HP: 52/52 MP: 12/12
  1808 | D        | Reached skill level 15 in Dodging
  1810 | D        | Noticed a lindwurm
  1813 | D        | Killed a lindwurm
  1821 | D        | Noticed Urug
  1823 | D        | Killed Urug
  1829 | D        | Noticed a five-headed hydra
  1829 | D        | Noticed a five-headed hydra
  1850 | D        | Killed a five-headed hydra
  2087 | D        | Killed a five-headed hydra
  2277 | D        | Noticed a death drake
  2280 | D        | Killed a death drake
  2281 | D        | Reached XP level 11. HP: 51/58 MP: 13/13
  2288 | D        | Found a blossoming altar of Fedhas.
  2288 | D        | Noticed a spriggan druid
  2300 | D        | Mangled by a spriggan druid
  2301 | D        | Reached XP level 10. HP: -6/55 MP: 12/12
  2320 | D        | Killed a spriggan druid
  2403 | D        | Noticed an ice dragon
  2494 | D        | Killed an ice dragon
  2504 | D        | Noticed an ice dragon
  2517 | D        | Killed from afar by an ice dragon
  2518 | D        | Reached XP level 9. HP: -10/51 MP: 10/10
  2522 | D        | Killed an ice dragon
  2528 | D        | Found Resizxio's Jewellery Emporium.
  2528 | D        | Found Newn's Distillery.
  2528 | D        | Found Saruofiv's Antique Weapon Shoppe.
  2537 | D        | Engulfed by a cloud of freezing vapour

Illustrated notes

Levels and vault maps discovered:
D:        dungeon_sprint_mu [sprint_mu_entry_cave, sprint_mu_temple_rooms,
          sprint_mu_d1_horrors, sprint_mu_d2_genie, sprint_mu_d3_branching,
          sprint_mu_orc_legion, sprint_mu_elf_gauntlet, sprint_mu_hive_nellie,
          sprint_mu_lair_fedhas, sprint_mu_vaults_butterflies,
          sprint_mu_slime_circle, sprint_mu_swamp_cave, sprint_mu_shoals_archi,
          sprint_mu_blade_basic, sprint_mu_crypt_fortress,
          sprint_mu_tomb_spiral, sprint_mu_vestibule_basic,
          sprint_mu_gehenna_hellfire, sprint_mu_dis_giant,
          sprint_mu_tartarus_statrot, sprint_mu_cocytus_islands, sprint_mu_zot1]

Skill      XL: |  1  2  3  4  5  6  7  8  9 10 |
---------------+-------------------------------+-----
Stealth        | 8 11 13 16 17 19 23 | 23.7
Dodging        | 5 8 9 11 14 17 | 17.8
Fighting       | 6 7 8 14 13 | 14.0
Unarmed Combat | 6 7 8 14 13 | 14.0

Action                   |  1- 3 |  4- 6 |  7- 9 | 10-12 || total
-------------------------+-------+-------+-------+-------++-------
Melee: Unarmed           |     8 |    13 |    65 |    63 ||   149
       Bite              |       |     1 |    10 |     7 ||    18
       Punch             |       |       |     5 |     4 ||     9
Invok: Trog's Hand       |       |     1 |     1 |     6 ||     8
       Berserk           |       |     1 |     1 |     4 ||     6
       Brothers in Arms  |       |       |     1 |     2 ||     3
  Use: Potion            |       |     3 |     5 |     2 ||    10
 Stab: Sleeping          |     3 |     3 |    12 |     9 ||    27
Armor: Skin              |       |       |    11 |     1 ||    12
Dodge: Dodged            |     3 |     3 |    49 |    72 ||   127
